 Dungeon Crawl Stone Soup version 0.31-a0-828-gb7646bb5e3 (webtiles) character file.

Game seed: 15619226334807301170

226432 topkek the Warrior (level 18, -10/155 HPs)
             Began as a Demonspawn Wanderer on Sept 20, 2023.
             Was the Champion of Nemelex Xobeh.
             Mangled by a nagaraja
             ... wielding a +0 flail
              (14 damage)
             ... on level 4 of the Snake Pit on Sept 24, 2023.
             The game lasted 07:07:22 (39510 turns).

topkek the Warrior (Demonspawn Wanderer)           Turns: 39510, Time: 07:07:24

Health: -10/155    AC: 24    Str: 36    XL:     18   Next: 64%
Magic:  11/30      EV: 12    Int: 12    God:    Nemelex Xobeh [******]
Gold:   979        SH:  0    Dex: 14    Spells: 25/34 levels left

rFire   + + .        a - +8 frozen axe "Frostbite" {freeze, freezing cloud, *Noise Fly rC+}
rCold   . . .        (shield currently unavailable)
rNeg    . . .        Y - +2 fire dragon scales
rPois   +            D - +0 helmet
rElec   +            (cloak unavailable)
rCorr   +            B - +1 pair of gloves {Str+3}
SInv    .            A - +0 pair of boots
Will    ++++.        C - amulet of magic regeneration Stlth
                     v - ring of Gupnun {rPois Will++ rCorr Str+6}
HPRegen 0.45/turn    J - ring of Oxump {Fly rElec Str+6}
MPRegen 0.62/turn

%: no passive effects
@: weakened, flying
A: yellow scales 2, spiny 3, demonic magic 2, demonic willpower, weakness
stinger 3
}: 1/15 runes: decaying
a: Renounce Religion, Draw Escape, Draw Destruction, Draw Summoning, Triple
Draw, Deal Four, Stack Five


You were on level 4 of the Snake Pit.
You worshipped Nemelex Xobeh.
Nemelex Xobeh was exalted by your worship.
You visited 5 branches of the dungeon, and saw 30 of its levels.
You visited 1 bazaar.
You also visited: Bailey, Ice Cave and Volcano.

You collected 3601 gold pieces.
You spent 2622 gold pieces at shops.

Inventory:

Hand Weapons
 a - the +8 frozen axe "Frostbite" (weapon) {freeze, freezing cloud, *Noise Fly rC+}
   (You found it on level 9 of the Dungeon)

   rC+:       It protects you from cold.
   Fly:       It grants you flight.
   *Noise:    It may make a loud noise when swung.
 I - a +3 arbalest of flaming
Missiles
 g - 2 boomerangs (quivered)
 y - 2 javelins
 E - 4 throwing nets
 W - 5 silver javelins
Armour
 o - an orb of energy
 x - a +0 crystal plate armour
 A - a +0 pair of boots (worn)
 B - a +1 pair of gloves of strength (worn)
 D - a +0 helmet (worn)
 R - a +2 chain mail of fire resistance
 Y - +2 fire dragon scales (worn)
Magical Staves
 j - a staff of air
Jewellery
 v - the ring of Gupnun (left hand) {rPois Will++ rCorr Str+6}
   (You bought it in a shop on level 2 of the Dungeon)

   [ring of strength]

   Str+6:     It affects your strength (+6).
   rPois:     It protects you from poison Will++: It greatly increases your
   willpower.
   rCorr:     It protects you from acid and corrosion.
 C - an amulet of magic regeneration (around neck)
 J - the ring of Oxump (right hand) {Fly rElec Str+6}
   (You took it off a centaur on level 7 of the Dungeon)

   [ring of strength]

   Str+6:     It affects your strength (+6).
   rElec:     It insulates you from electricity.
   Fly:       It grants you flight.
 N - a +6 ring of dexterity
 O - a ring of protection from cold
 Z - a +6 ring of intelligence
Wands
 c - a wand of roots (37)
 t - a wand of flame (20)
 G - a wand of digging (9)
 H - a wand of mindburst (25)
 M - a wand of paralysis (26)
 P - a wand of quicksilver (2)
Scrolls
 b - 2 scrolls of silence
 h - a scroll of fear
 l - 3 scrolls of identify
 m - 9 scrolls of teleportation
 n - 4 scrolls of amnesia
 r - 4 scrolls of poison
 u - a scroll of enchant armour
 K - 5 scrolls of enchant weapon
 U - 2 scrolls of fog
 V - 2 scrolls of brand weapon
Potions
 d - a potion of resistance
 e - 7 potions of curing
 i - 6 potions of brilliance
 k - a potion of heal wounds
 p - 5 potions of lignification
 q - 7 potions of cancellation
 w - 3 potions of enlightenment
 F - 2 potions of haste
 L - 2 potions of berserk rage
 Q - 2 potions of magic
 S - 5 potions of might
Miscellaneous
 f - a condenser vane
 z - a phial of floods
 T - a lightning rod (4/4)
 X - a box of beasts


   Skills:
 + Level 17.3 Fighting
 - Level 3.2 Short Blades
 - Level 12.2(12.8) Axes
 - Level 5.7(9.7) Maces & Flails
 - Level 8.8 Ranged Weapons
 - Level 7.9 Throwing
 + Level 14.2 Armour
 * Level 3.6 Dodging
 - Level 1.7 Unarmed Combat
 + Level 8.5 Spellcasting
 + Level 7.8 Translocations
 + Level 4.4 Ice Magic
 - Level 14.9 Invocations
 - Level 9.6 Evocations


You had 25 spell levels left.
You knew the following spells:

 Your Spells              Type           Power      Damage    Failure   Level
a - Jinxbite              Hex            10%        N/A       34%         2
b - Manifold Assault      Tloc           24%        N/A       9%          4
c - Ozocubu's Armour      Ice            15%        N/A       11%         3

Your spell library contained the following spells:

 Spells                   Type           Power      Damage    Failure   Level
 Apportation              Tloc           48%        N/A       1%          1
 Blink                    Tloc           48%        N/A       1%          2
 Gell's Gravitas          Tloc           24%        N/A       2%          3
 Teleport Other           Tloc           24%        N/A       2%          3
 Ensorcelled Hibernation  Hex/Ice        20%        N/A       14%         2
 Volatile Blastmotes      Fire/Tloc      28%        2d12      14%         3
 Kiss of Death            Conj/Necr      20%        2d7       24%         1
 Necrotise                Necr           20%        1d5       24%         1
 Summon Small Mammal      Summ           20%        N/A       24%         1
 Hailstorm                Conj/Ice       10%        3d5       28%         3
 Static Discharge         Conj/Air       10%        2-3/arc   34%         2
 Call Canine Familiar     Summ           5%         N/A       56%         3
 Confusing Touch          Hex            5%         N/A       56%         3
 Dazzling Flash           Conj/Hex       10%        N/A       56%         3
 Inner Flame              Hex/Fire       5%         N/A       56%         3
 Summon Guardian Golem    Hex/Summ       5%         N/A       56%         3
 Summon Ice Beast         Ice/Summ       10%        N/A       67%         4
 Dispersal                Tloc           12%        N/A       80%         6
 Airstrike                Air            2%         2d(1-17)  93%         4
 Anguish                  Hex/Necr       2%         N/A       93%         4
 Animate Dead             Necr           5%         N/A       93%         4
 Dispel Undead            Necr           5%         3d7       93%         4
 Fulminant Prism          Conj/Hex       2%         3d5       93%         4
 Summon Lightning Spire   Summ/Air       5%         N/A       93%         4
 Alistair's Intoxication  Tmut/Pois      3%         N/A       100%        5
 Borgnjor's Vile Clutch   Necr/Erth      2%         N/A       100%        5
 Death Channel            Necr           2%         N/A       100%        6
 Simulacrum               Ice/Necr       5%         N/A       100%        6
 Starburst                Conj/Fire      2%         6d3       100%        6
 Ozocubu's Refrigeration  Ice            7%         4d9       100%        7
 Maxwell's Capacitive Co  Air            2%         ∞         100%        8
 Polar Vortex             Ice            7%         12d1*     100%        9


Dungeon Overview and Level Annotations

Branches:
Dungeon (15/15)            Temple (0/1) D:5            Lair (5/5) D:8
  Swamp (4/4) Lair:2        Snake (4/4) Lair:2        Slime (0/5) Lair:4
    Orc (2/2) D:12            Elf (0/3) Orc:2        Vaults (0/5) D:13
 Depths (0/4) D:15         Bailey (visited)           IceCv (visited)
Volcano (visited)

Altars:
Ashenzari
Fedhas
Gozag
Hepliaklqana
Nemelex Xobeh
Qazlal
Ru
Trog
Wu Jian
Jiyva

Shops:
D:2 =   D:3 ?   D:4 *   Orc:2 !!=(   Snake:1 *   Snake:2 :=:   Snake:4 =:(

Portals:
Pandemonium: Orc:2

Annotations:
D:8 2 transporters, TheCrane's ghost, novice HOFi
D:9 2 transporters, blamed's ghost, novice VSFi
D:14 2 runed translucent doors, Dnvifnvgi's ghost, journeyman MiFi
Swamp:4 1 runed translucent door, Gargoyl's ghost, adept GrBe


Innate Abilities, Weirdness & Mutations

You are mostly covered in yellow scales. (AC +3)
You are completely covered in sharp spines.
Spells you cast may paralyse nearby enemies.
You punish those that try to bend your will. (Will+)
You have a sharp stinger which inflicts weakening toxins.


Message History

Gang up on whom?
Press: ? - help, Dir - move target, f - guardian serpent
Aim: a guardian serpent Attack!
The guardian serpent coils itself and waves its upper body at you.
The nagaraja blinks into view!
Casting: Manifold Assault (mildly dangerous; 9% risk of failure)
Confirm with . or Enter, or press ? or * to list all spells.
Space momentarily warps into an impossible shape!
You slice the salamander tyrant!! You freeze the salamander tyrant.
You hear the roaring winds of a blizzard.
You slash the guardian serpent! You freeze the guardian serpent!
Malevolent energies surge around you.
You hear a shout!
The guardian serpent hits your polar bear!
The nagaraja hits you with a +0 flail!
* * * LOW HITPOINT WARNING * * *
The salamander tyrant is engulfed in freezing vapours.
The salamander tyrant hits you but does no damage.
Your polar bear bites the guardian serpent!
Your polar bear barely misses the guardian serpent.
Your polar bear misses the guardian serpent.
The guardian serpent barely misses your catoblepas.
The nagaraja is struck by your spines. The nagaraja hits you with a +0 flail!!
* * * LOW HITPOINT WARNING * * *
The salamander tyrant is engulfed in freezing vapours.
The salamander tyrant gazes fiercely through you!
You feel your attacks grow feeble.
The salamander tyrant is struck by your spines.
The salamander tyrant hits you but does no damage.
Okay, then.
As you read the scroll of fear, it crumbles to dust.
You assume a fearsome visage.
The salamander tyrant resists with some effort.
The guardian serpent resists with almost no effort.
The nagaraja resists with almost no effort.
The guardian serpent hits your catoblepas.
The nagaraja hits you with a +0 flail!
You die...
Your body glows with a rainbow of weird colours and disappears.

#.!...# #####..........
#.†...#####..............
##...##..................
#..##...##...###############
#...8..S8h...# # #.......9Y....#
#.....# # #..............#
+.....# ###............N..#
#.....# .......########.@.#
#....[# .......#......#..N#
####.....# .......#......#...#
........<# #####..###'####...#
.........# ....#.............#
.........' ....#.............#
........)# ###'#.....).......#
.........#
..................#####+#######'#
...#####........)...... .........


You could see a nagaraja (fast), a salamander tyrant, a guardian serpent (ally
target), a friendly catoblepas (summoned), a friendly polar bear (summoned) and
a friendly molten gargoyle (summoned).

Vanquished Creatures
  Saint Roka (Snake:3)
  2 tentacled monstrosities (Swamp:4)
  A hellephant (D:15)
  A lich (IceCv)
  Frances (Swamp:2)
  A tengu reaver (D:13)
  Aizul (Snake:1)
  A storm dragon (Lair:5)
  Kirke (D:13)
  2 nagarajas
  A fire giant (D:15)
  An azure jelly (Swamp:4)
  4 fenstrider witches
  2 ghouls (Swamp:4)
  2 very ugly things (IceCv)
  A spark wasp (Swamp:2)
  9 bunyips
  3 eleionomae
  Snorg (D:10)
  3 ettins
  A fire dragon (D:13)
  2 great orbs of eyes
  A catoblepas (D:13)
  3 hydras
  2 ghost crabs (Lair:2)
  Harold (D:9)
  5 anacondas
  A salamander tyrant (Snake:4)
  A spriggan air mage (Swamp:4)
  2 ice dragons (Swamp:2)
  5 boulder beetles
  A merfolk avatar (Lair:5)
  6 ogre magi
  10 two-headed ogres
  8 alligators
  6 centaur warriors
  3 orc high priests (Orc:2)
  14 naga warriors
  2 tengu warriors (D:13)
  A deep troll earth mage (D:13)
  3 hell hogs (D:15)
  4 death yaks (Lair:5)
  12 naga sharpshooters
  2 soul eaters
  4 spriggans
  5 shock serpents
  Nergalle (D:10)
  A sun demon (Swamp:4)
  2 sixfirhies
  A skyshark (Lair:5)
  A salamander mystic (Snake:3)
  6 skeletal warriors
  5 spriggan druids
  A swamp dragon (Swamp:3)
  3 goliath frogs
  5 bog bodies
  8 naga ritualists
  A wizard (D:13)
  An obsidian statue (IceCv)
  A spriggan simulacrum (IceCv)
  4 orc knights
  A deep elf pyromancer (D:14)
  An ugly thing (D:13)
  2 lindwurms
  2 deep elf zephyrmancers (Swamp:4)
  A harpy (Lair:5)
  3 cyclopes
  5 orc sorcerers (Orc:2)
  4 will-o-the-wisps
  3 manticores
  10 mana vipers
  A salamander (shapeshifter) (D:14)
  A moth of wrath (shapeshifter) (D:13)
  3 salamanders
  2 guardian serpents
  35 black mambas
  An eye of devastation (Swamp:4)
  A black mamba (shapeshifter) (D:13)
  Joseph (D:8)
  8 elephants
  13 naga magi
  5 gargoyles
  2 torpor snails
  10 cane toads
  An efreet (D:14)
  2 unseen horrors (D:13)
  A rime drake (Lair:5)
  12 komodo dragons
  14 freezing wraiths
  3 ice devils
  2 anaconda simulacra (IceCv)
  4 golden dragon simulacra (IceCv)
  4 red devils (D:14)
  2 trolls
  A bloated husk (Swamp:1)
  3 hellwings
  4 tyrant leeches
  6 hornets
  2 polar bears
  3 alligator simulacra (IceCv)
  14 blink frogs
  Prince Ribbit (D:6)
  2 dream sheep (Lair:5)
  2 spectral elephants (Lair:2)
  A vampire (D:9)
  A centaur simulacrum (D:13)
  A shadow (D:12)
  A culicivora (Volcano)
  3 wraiths
  A fire bat (D:8)
  A spectral komodo dragon (Lair:2)
  31 yaks
  10 wyverns
  2 ynoxinuls
  2 dire elephant simulacra (IceCv)
  2 steam dragons
  3 basilisks
  A golden eye (Lair:2)
  3 vampire mosquitoes (Swamp:2)
  A chaos spawn (Swamp:4)
  42 nagas
  A harpy simulacrum (IceCv)
  4 acid dragons
  6 wargs
  12 hell hounds (D:15)
  10 swamp worms
  2 hydra simulacra (IceCv)
  A spectral yak (Lair:2)
  13 water moccasins
  2 spectral blink frogs (Lair:2)
  32 orc warriors
  A swamp drake (Swamp:1)
  2 ice beasts
  A black bear (Lair:2)
  11 ogres
  3 boggarts (D:14)
  A tengu (D:8)
  16 wolves
  24 centaurs
  2 phantoms
  2 gnoll sergeants
  11 bullfrogs
  A kobold brigand (D:8)
  2 deep troll simulacra (IceCv)
  A scorpion (D:5)
  A wight (D:7)
  A lindwurm simulacrum (IceCv)
  10 howler monkeys
  4 hounds (D:5)
  A jelly (D:6)
  27 orc priests
  Crazy Yiuf (D:6)
  2 gnoll boudas
  A sleepcap (D:5)
  Jessica (D:2)
  6 iguanas
  11 orc wizards
  Robin (D:2)
  13 gnolls
  4 adders
  A shadow imp (D:7)
  8 white imps
  2 ufetubi
  2 worms
  3 dart slugs
  77 orcs
  5 endoplasms
  2 giant cockroaches
  8 hobgoblins
  10 jackals
  18 kobolds
  4 quokkas
  3 ball pythons (D:3)
  5 bats
  3 frilled lizards
  13 goblins
  5 rats
903 creatures vanquished.

Vanquished Creatures (collateral kills)
  2 tentacled monstrosities
  A quicksilver ooze (Lair:3)
  A cacodemon (Swamp:4)
  A blizzard demon (Swamp:4)
  An ogre mage (Swamp:4)
  2 hydras
  2 two-headed ogres (Orc:1)
  2 naga warriors (Snake:3)
  A naga sharpshooter (Snake:1)
  4 orc high priests (Orc:2)
  Amaemon (Lair:1)
  A skeletal warrior (D:15)
  A goliath frog (Swamp:4)
  An orc knight (Orc:2)
  A necromancer (IceCv)
  2 orc sorcerers (Swamp:4)
  A manticore (D:14)
  2 salamanders (Snake:3)
  A guardian serpent (Snake:3)
  A naga mage (Snake:3)
  An orange demon (Lair:1)
  A rime drake (D:8)
  A cane toad (Lair:5)
  Jeremiah (D:7)
  2 anaconda simulacra (IceCv)
  An ice devil (IceCv)
  3 freezing wraiths
  A polar bear (Lair:5)
  A wind drake (Lair:5)
  A tyrant leech (Swamp:3)
  A spriggan (Swamp:3)
  A wyvern (Lair:5)
  2 yaks (Lair:5)
  A chaos spawn (Swamp:4)
  3 swamp worms
  An acid dragon (Lair:3)
  A harpy simulacrum (IceCv)
  4 nagas
  A hydra simulacrum (IceCv)
  An ice beast (D:8)
  A centaur (D:15)
  A kobold brigand (D:7)
  A bullfrog (Lair:3)
  4 wights (D:7)
  2 lindwurm simulacra (IceCv)
  3 orc priests
  An orc wizard (D:7)
  An adder (D:6)
  A gnoll (D:6)
  A river rat (D:6)
  3 orcs
  A goblin (D:6)
78 creatures vanquished.

Vanquished Creatures (others)
  A spriggan air mage (Swamp:4)
  A two-headed ogre (Volcano)
  A bloated husk (Swamp:1)
  4 humans (D:13)
  14 foxfires
21 creatures vanquished.

Grand Total: 1002 creatures vanquished

Notes
Turn   | Place    | Note
-------+----------+-------------------------------------------
     0 | D:1      | topkek the Demonspawn Wanderer began the quest for the Orb.
     0 | D:1      | topkek set off with the following items: a +1 mace, a
                  | potion of haste, a potion of heal wounds, a potion of
                  | attraction, a +0 leather armour.
     0 | D:1      | Reached XP level 1. HP: 19/19 MP: 1/1
   146 | D:1      | Gained mutation: You are partially covered in sharp spines.
                  | [demonic ancestry]
   146 | D:1      | Reached XP level 2. HP: 20/25 MP: 2/2
   831 | D:2      | Noticed Jessica
   836 | D:2      | Killed Jessica
   837 | D:2      | Reached skill level 1 in Dodging
   837 | D:2      | Gained mutation: You are partially covered in yellow
                  | scales. (AC +2) [demonic ancestry]
   837 | D:2      | Reached XP level 3. HP: 14/30 MP: 3/3
   954 | D:2      | Found Taomat's Jewellery Emporium.
  1294 | D:2      | Noticed Robin
  1297 | D:2      | Reached skill level 1 in Throwing
  1309 | D:2      | Killed Robin
  1310 | D:2      | Reached XP level 4. HP: 29/38 MP: 4/4
  1624 | D:3      | Found Hufe's Magic Scroll Shop.
  1805 | D:3      | Found a sparkling altar of Nemelex Xobeh.
  1805 | D:3      | Found a blossoming altar of Fedhas.
  2025 | D:4      | Noticed an ogre
  2060 | D:4      | Killed an ogre
  2061 | D:4      | Reached XP level 5. HP: 27/43 MP: 5/5
  2206 | D:4      | Found Iyxzet's Incredible Inventory.
  2344 | D:3      | Became a worshipper of Nemelex Xobeh the Trickster
  2637 | D:4      | Found a broken altar of Ashenzari.
  2861 | D:4      | Found a stormy altar of Qazlal.
  2920 | D:5      | Entered Level 5 of the Dungeon
  3021 | D:5      | Reached skill level 1 in Invocations
  3021 | D:5      | Gained mutation: You are mostly covered in yellow scales.
                  | (AC +3) [demonic ancestry]
  3021 | D:5      | Reached XP level 6. HP: 9/50 MP: 6/6
  3029 | D:5      | Reached skill level 5 in Fighting
  3150 | D:5      | Reached * piety under Nemelex Xobeh
  3335 | D:5      | Gained mutation: You have a small tail. [demonic ancestry]
  3335 | D:5      | Reached XP level 7. HP: 12/56 MP: 7/9
  3606 | D:5      | Found a staircase to the Ecumenical Temple.
  3985 | D:6      | Identified the +1 short sword of Disarray {flame, *Corrode
                  | Fly rElec rF++}
  4038 | D:6      | Gained mutation: You are mostly covered in sharp spines.
                  | [demonic ancestry]
  4038 | D:6      | Reached XP level 8. HP: 57/64 MP: 9/11
  4104 | D:6      | Reached skill level 6 in Fighting
  4119 | D:6      | Learned a level 2 spell: Jinxbite
  4167 | D:6      | Received a gift from Nemelex Xobeh
  4172 | D:6      | Noticed Prince Ribbit
  4177 | D:6      | Killed Prince Ribbit
  4178 | D:6      | Reached skill level 5 in Maces & Flails
  4178 | D:6      | Reached skill level 5 in Invocations
  4233 | D:6      | Found an ornate altar of the Wu Jian Council.
  4338 | D:6      | Noticed Blork the orc
  4339 | D:6      | Identified the -1 hand axe "topkek's Peril" {freeze,
                  | Fragile +Blink rF+ Dex+2}
  4343 | D:6      | Blork the orc changed into Blork the river rat
  4343 | D:6      | Noticed Blork
  4345 | D:6      | Killed Blork the river rat
  4353 | D:6      | Reached skill level 1 in Spellcasting
  4695 | D:6      | Identified the +10 sling of Evolution {speed, rPois rCorr
                  | Int-2 SInv}
  4846 | D:6      | Found a runed translucent door.
  4847 | D:6      | Noticed Crazy Yiuf
  4860 | D:6      | Killed Crazy Yiuf
  5022 | D:7      | Noticed Jeremiah
  5027 | D:7      | Killed Jeremiah
  5028 | D:7      | Reached skill level 5 in Armour
  5146 | D:7      | Gained mutation: Spells you cast may paralyse adjacent
                  | enemies. [demonic ancestry]
  5146 | D:7      | Reached XP level 9. HP: 58/71 MP: 13/13
  5198 | D:7      | Reached skill level 7 in Fighting
  5296 | D:7      | Found a flagged portal.
  5310 | Bailey   | Entered a bailey
  5400 | Bailey   | Reached ** piety under Nemelex Xobeh
  5550 | Bailey   | Reached skill level 1 in Ranged Weapons
  5946 | Bailey   | Reached XP level 10. HP: 69/80 MP: 15/15
  6404 | D:7      | Identified the ring of Oxump {Fly rElec Str+6}
  6658 | D:7      | Received a gift from Nemelex Xobeh
  6752 | D:8      | Found a transporter.
  6754 | D:8      | Found a transporter.
  6759 | D:8      | Found a bloodstained altar of Trog.
  6823 | D:8      | Reached skill level 8 in Fighting
  7017 | D:8      | Found a staircase to the Lair.
  7126 | D:8      | Noticed Joseph
  7137 | D:8      | Killed Joseph
  7477 | D:8      | Noticed a two-headed ogre
  7499 | D:8      | Killed a two-headed ogre
  7500 | D:8      | Reached skill level 9 in Fighting
  7500 | D:8      | Reached skill level 5 in Ranged Weapons
  7731 | D:8      | Noticed TheCrane's ghost (novice HOFi)
  7741 | D:8      | Noticed a moth of wrath
  8063 | D:8      | Reached *** piety under Nemelex Xobeh
  8260 | Lair:1   | Entered Level 1 of the Lair of Beasts
  8327 | Lair:1   | Received a gift from Nemelex Xobeh
  8365 | Lair:1   | Noticed Amaemon
  8365 | Lair:1   | Noticed an orange demon
  8377 | Lair:1   | Killed an orange demon
  8379 | Lair:1   | Killed Amaemon
  8380 | Lair:1   | Reached skill level 5 in Spellcasting
  8380 | Lair:1   | Reached XP level 11. HP: 80/89 MP: 18/18
  8507 | Lair:1   | Found a dark tunnel.
  8553 | Volcano  | Entered a volcano
  8573 | Volcano  | Noticed a two-headed ogre
  8574 | Volcano  | Noticed a hell knight
  8577 | Volcano  | Identified the -2 hand axe "Mextoopp" {heavy, Str+3}
  8592 | Volcano  | Killed a two-headed ogre
  8596 | Volcano  | a hell knight changed into a culicivora
  8641 | Volcano  | Noticed a two-headed ogre
  8644 | Volcano  | Noticed a two-headed ogre
  8657 | Volcano  | Killed a two-headed ogre
  8660 | Volcano  | Killed a two-headed ogre
  8673 | Volcano  | Noticed an ogre mage
  8686 | Volcano  | Paralysed by an ogre mage for 3 turns
  8695 | Volcano  | Killed an ogre mage
  8696 | Volcano  | Reached skill level 10 in Fighting
  8708 | Volcano  | Noticed a two-headed ogre
  8720 | Volcano  | Killed a two-headed ogre
  9256 | Lair:1   | Noticed Maggie
  9263 | Lair:1   | Maggie changed into Maggie the water moccasin
  9263 | Lair:1   | Noticed Maggie
  9267 | Lair:1   | Killed Maggie the water moccasin
  9368 | Lair:1   | Received a gift from Nemelex Xobeh
  9408 | Lair:1   | Reached skill level 10 in Invocations
  9965 | Lair:2   | Found a staircase to the Snake Pit.
 10326 | Lair:2   | Noticed a four-headed hydra
 10328 | Lair:2   | Reached skill level 11 in Fighting
 10328 | Lair:2   | Reached XP level 12. HP: 79/100 MP: 21/21
 10334 | Lair:2   | Killed a four-headed hydra
 10335 | Lair:2   | Reached skill level 1 in Short Blades
 10862 | Lair:2   | Noticed a boulder beetle
 10905 | Lair:2   | Killed a boulder beetle
 11033 | Lair:2   | Reached **** piety under Nemelex Xobeh
 11329 | Lair:2   | Received a gift from Nemelex Xobeh
 11951 | Lair:2   | Found a staircase to the Swamp.
 11951 | Lair:2   | Noticed a ghost crab
 11951 | Lair:2   | Noticed a ghost crab
 11967 | Lair:2   | Killed a ghost crab
 11995 | Lair:2   | Killed a ghost crab
 11996 | Lair:2   | Reached skill level 12 in Fighting
 12093 | Lair:3   | Noticed a four-headed hydra
 12094 | Lair:3   | a four-headed hydra changed into a quicksilver ooze
 12094 | Lair:3   | Noticed a quicksilver ooze
 12442 | D:2      | Bought the ring of Gupnun {rPois Will++ rCorr Str+6} for
                  | 801 gold pieces
 12805 | D:9      | Found a transporter.
 12805 | D:9      | Identified the +0 dire flail "Dasics" {pain, rF+ rC+ Dex+5}
 12805 | D:9      | Identified the +2 dire flail "Soypimp" {flame, rElec Dex+4}
 12805 | D:9      | Noticed a two-headed ogre
 12806 | D:9      | Noticed blamed's ghost (novice VSFi)
 12806 | D:9      | Noticed a two-headed ogre
 12813 | D:9      | Found a transporter.
 12813 | D:9      | Noticed a two-headed ogre
 13266 | D:9      | Noticed Harold
 13278 | D:9      | Killed Harold
 13501 | D:9      | Reached ***** piety under Nemelex Xobeh
 14040 | D:9      | Found the +8 frozen axe "Frostbite" {freeze, freezing
                  | cloud, *Noise Fly rC+}
 14068 | D:9      | Reached skill level 5 in Axes
 14068 | D:9      | Gained mutation: You have a tail ending in a sharp stinger.
                  | [demonic ancestry]
 14068 | D:9      | Reached XP level 13. HP: 109/109 MP: 23/23
 14145 | D:10     | Entered Level 10 of the Dungeon
 14158 | D:10     | Noticed Nergalle
 14169 | D:10     | Killed Nergalle
 14266 | D:10     | Received a gift from Nemelex Xobeh
 14342 | D:10     | Found a sacrificial altar of Ru.
 14459 | D:10     | Noticed Snorg
 14469 | D:10     | Killed Snorg
 15133 | D:11     | Received a gift from Nemelex Xobeh
 15368 | D:11     | Reached skill level 1 in Evocations
 15384 | D:11     | Identified the +0 robe "Cetenesu" {Str+2 Stlth+}
 15641 | D:12     | Identified the +0 leather armour of Gozag's Approval {rN+
                  | Dex+4}
 15765 | D:12     | Gained mutation: You have a sharp stinger which inflicts
                  | weakening toxins. [demonic ancestry]
 15765 | D:12     | Reached XP level 14. HP: 100/116 MP: 25/25
 15883 | D:12     | Received a gift from Nemelex Xobeh
 16080 | D:12     | Found a staircase to the Orcish Mines.
 16516 | Lair:3   | Killed a quicksilver ooze
 16696 | Lair:3   | Reached skill level 13 in Fighting
 16869 | Lair:3   | Received a gift from Nemelex Xobeh
 17523 | Lair:4   | Received a gift from Nemelex Xobeh
 17994 | Lair:4   | Reached ****** piety under Nemelex Xobeh
 18038 | Lair:4   | Found a viscous altar of Jiyva.
 18038 | Lair:4   | Found a staircase to the Slime Pits.
 18208 | Lair:4   | Received a gift from Nemelex Xobeh
 18403 | Lair:5   | Entered Level 5 of the Lair of Beasts
 18659 | Lair:5   | Found an opulent altar of Gozag.
 18720 | Lair:5   | Reached skill level 10 in Armour
 19095 | Lair:5   | a dire elephant changed into a storm dragon
 19095 | Lair:5   | Noticed a storm dragon
 19098 | Lair:5   | Killed a storm dragon
 19386 | Lair:5   | Received a gift from Nemelex Xobeh
 19433 | Lair:5   | Reached skill level 14 in Fighting
 19522 | Lair:5   | Identified the +7 trident of Dishonesty {freeze, rF-
                  | Will+++ rCorr Stlth-}
 19523 | Lair:5   | Identified the +1 robe "Kofygg" {rF++ SInv}
 19740 | Lair:5   | Received a gift from Nemelex Xobeh
 20237 | Orc:1    | Entered Level 1 of the Orcish Mines
 20246 | Orc:1    | Gained mutation: You are completely covered in sharp
                  | spines. [demonic ancestry]
 20246 | Orc:1    | Reached XP level 15. HP: 102/126 MP: 26/26
 20391 | Orc:2    | Entered Level 2 of the Orcish Mines
 20391 | Orc:2    | Found a staircase to the Elven Halls.
 20491 | Orc:2    | Found Totinis's Distillery.
 20511 | Orc:2    | Found Lurihil's Distillery.
 20800 | Orc:2    | Reached skill level 5 in Evocations
 21286 | Orc:2    | Found Qenn's Antique Weapon Boutique.
 21286 | Orc:2    | Found a one-way gate leading to the halls of Pandemonium.
 21286 | Orc:2    | Found Koaqyppu's Jewellery Shop.
 21408 | Orc:2    | Received a gift from Nemelex Xobeh
 22684 | D:13     | Noticed Kirke
 22689 | D:13     | Killed Kirke
 22731 | D:13     | Noticed a tengu reaver
 22736 | D:13     | Killed a tengu reaver
 22770 | D:13     | Reached skill level 15 in Fighting
 22770 | D:13     | Reached skill level 10 in Axes
 22994 | D:13     | Found a gate to the Vaults.
 23040 | D:13     | Received a gift from Nemelex Xobeh
 24400 | D:14     | Identified the +2 quarterstaff "Bediumpi" {freeze, rN+
                  | Str+2 Dex+3}
 24470 | D:14     | Found a runed translucent door.
 24476 | D:14     | Noticed a fire giant
 24478 | D:14     | Noticed Dnvifnvgi's ghost (journeyman MiFi)
 24478 | D:14     | Noticed a lich
 24479 | D:14     | Identified the +4 ring mail "Rokaocaa" {rPois rF- Dex-2
                  | Slay+6}
 24480 | D:14     | Upgraded the game from 0.31-a0-801-gc67433417a to
                  | 0.31-a0-806-g0bc164a743
 24601 | Orc:2    | Bought an ancient shortbow for 192 gold pieces
 24601 | Orc:2    | Identified the +4 shortbow of Judgement {heavy, rN++} (You
                  | bought it in a shop on level 2 of the Orcish Mines)
 25013 | D:14     | Found a runed translucent door.
 25061 | D:14     | Received a gift from Nemelex Xobeh
 25182 | D:14     | Identified the +1 buckler "Guqalaum" {rC+ rCorr Dex+5}
 25344 | D:15     | Entered Level 15 of the Dungeon
 25405 | D:15     | Gained mutation: You punish those that try to bend your
                  | will. (Will+) [demonic ancestry]
 25405 | D:15     | Reached XP level 16. HP: 133/136 MP: 27/27
 25415 | D:15     | Found a huge runed gate.
 25415 | D:15     | Found a huge runed gate.
 25417 | D:15     | Found a huge runed gate.
 25450 | D:15     | Found a huge runed gate.
 25451 | D:15     | Found a huge runed gate.
 25451 | D:15     | Found a huge runed gate.
 25452 | D:15     | Found a huge runed gate.
 25452 | D:15     | Found a huge runed gate.
 25452 | D:15     | Found a huge runed gate.
 25453 | D:15     | Found a huge runed gate.
 25454 | D:15     | Found a huge runed gate.
 25455 | D:15     | Found a huge runed gate.
 25456 | D:15     | Found a huge runed gate.
 25457 | D:15     | Found a huge runed gate.
 25458 | D:15     | Found a huge runed gate.
 25470 | D:15     | Found a huge runed gate.
 25470 | D:15     | Found a huge runed gate.
 25470 | D:15     | Found a huge runed gate.
 25470 | D:15     | Found a huge runed gate.
 25470 | D:15     | Found a huge runed gate.
 25470 | D:15     | Found a huge runed gate.
 25471 | D:15     | Found a huge runed gate.
 25472 | D:15     | Found a huge runed gate.
 25489 | D:15     | Found a huge runed gate.
 25689 | D:15     | Found a huge runed gate.
 25689 | D:15     | Found a huge runed gate.
 25689 | D:15     | Found a huge runed gate.
 25689 | D:15     | Found a huge runed gate.
 25689 | D:15     | Found a huge runed gate.
 25691 | D:15     | Found a huge runed gate.
 25692 | D:15     | Found a huge runed gate.
 25693 | D:15     | Found a huge runed gate.
 25694 | D:15     | Found a huge runed gate.
 25702 | D:15     | Found a huge runed gate.
 25702 | D:15     | Found a huge runed gate.
 25702 | D:15     | Found a huge runed gate.
 25725 | D:15     | Noticed a hellephant
 25740 | D:15     | Killed a hellephant
 25752 | D:15     | Got a shiny book
 26060 | D:15     | Found a staircase to the Depths.
 26085 | D:15     | Reached skill level 5 in Throwing
 26285 | D:15     | Received a gift from Nemelex Xobeh
 26997 | Swamp:1  | Entered Level 1 of the Swamp
 27443 | Swamp:1  | Received a gift from Nemelex Xobeh
 27752 | Swamp:2  | Noticed Frances
 27761 | Swamp:2  | Killed Frances
 27860 | Swamp:2  | Reached skill level 16 in Fighting
 28341 | Swamp:2  | Learned a level 4 spell: Manifold Assault
 28435 | Swamp:2  | Received a gift from Nemelex Xobeh
 28833 | Swamp:3  | Received a gift from Nemelex Xobeh
 28837 | Swamp:3  | Reached skill level 1 in Translocations
 29165 | Swamp:3  | Noticed a tentacled monstrosity
 29171 | Swamp:3  | Killed a tentacled monstrosity
 29553 | Swamp:4  | Entered Level 4 of the Swamp
 29553 | Swamp:4  | Received a gift from Nemelex Xobeh
 29698 | Swamp:4  | Identified the +1 trident "Esiuseid" {freeze, Stlth+}
 30012 | Swamp:4  | Gained mutation: Spells you cast may paralyse nearby
                  | enemies. [demonic ancestry]
 30012 | Swamp:4  | Reached XP level 17. HP: 45/138 MP: 19/28
 30015 | Swamp:4  | Noticed a tentacled monstrosity
 30020 | Swamp:4  | Killed a tentacled monstrosity
 30285 | Swamp:4  | Noticed a tentacled monstrosity
 30290 | Swamp:4  | Killed a tentacled monstrosity
 30320 | Swamp:4  | Got a decaying rune of Zot
 30420 | Swamp:4  | Paralysed by a hornet for 2 turns
 30574 | Swamp:4  | Noticed a tentacled monstrosity
 30581 | Swamp:4  | Killed a tentacled monstrosity
 30790 | Swamp:4  | HP: 4/145 [disintegration[a spriggan druid] (16)]
 30801 | Swamp:4  | Reached skill level 5 in Translocations
 31303 | Swamp:4  | Received a gift from Nemelex Xobeh
 31304 | Swamp:4  | Found a runed translucent door.
 31305 | Swamp:4  | Noticed Gargoyl's ghost (adept GrBe)
 31739 | Snake:1  | Entered Level 1 of the Snake Pit
 31866 | Snake:1  | Found an opulent altar of Gozag.
 32071 | Snake:1  | Received a gift from Nemelex Xobeh
 32144 | Snake:1  | Identified the +0 hand axe "Gedog" {spect, rC+}
 32372 | Snake:1  | Noticed Aizul
 32380 | Snake:1  | Killed Aizul
 32631 | Snake:1  | Found Xuoc's Neck Hole.
 33510 | Snake:2  | Found a frozen archway.
 33522 | IceCv    | Entered an ice cave
 33523 | IceCv    | Identified the +1 trident "Dadi Riu" {venom, rC+ Int+4}
 33801 | IceCv    | Upgraded the game from 0.31-a0-806-g0bc164a743 to
                  | 0.31-a0-816-gd61d57ddb1
 33889 | IceCv    | Found an ancient bone altar of Kikubaaqudgha.
 34432 | IceCv    | Noticed a lich
 34435 | IceCv    | Killed a lich
 34697 | Snake:2  | Received a gift from Nemelex Xobeh
 34844 | Snake:2  | Received a gift from Nemelex Xobeh
 35021 | Snake:2  | Received a gift from Nemelex Xobeh
 35036 | Snake:2  | Found Dodu Jeci's Book Emporium.
 35038 | Snake:2  | Found Vyciem's Jewellery Boutique.
 35039 | Snake:2  | Found Haodd's Book Emporium.
 35049 | Snake:2  | Learned a level 3 spell: Ozocubu's Armour
 35053 | Snake:2  | Upgraded the game from 0.31-a0-816-gd61d57ddb1 to
                  | 0.31-a0-828-gb7646bb5e3
 35516 | Snake:2  | Received a gift from Nemelex Xobeh
 35705 | Snake:2  | Reached XP level 18. HP: 153/153 MP: 29/29
 36030 | Snake:3  | Reached skill level 1 in Ice Magic
 36131 | Snake:3  | Reached skill level 17 in Fighting
 36370 | Snake:3  | Received a gift from Nemelex Xobeh
 36892 | Snake:3  | Noticed Saint Roka
 36940 | Snake:3  | Killed Saint Roka
 38027 | Snake:3  | Received a gift from Nemelex Xobeh
 38514 | Snake:4  | Entered Level 4 of the Snake Pit
 38535 | Snake:4  | Found Vaopnes's Jewellery Boutique.
 38569 | Snake:4  | Found a flickering gateway to a bazaar.
 38578 | Bazaar   | Entered a bazaar
 38578 | Bazaar   | Found Fupliy's Jewellery Boutique.
 38578 | Bazaar   | Found Wyxtaq's Weapon Emporium.
 38584 | Bazaar   | Bought 2 boomerangs for 52 gold pieces
 38598 | Bazaar   | Found Pixku's Distillery.
 38603 | Bazaar   | Found Igatsics's Magic Scroll Shoppe.
 38612 | Bazaar   | Found Fechifa's Jewellery Shoppe.
 38661 | Bazaar   | Bought a scroll of acquirement for 780 gold pieces
 38670 | Bazaar   | Bought a potion of heal wounds for 60 gold pieces
 38760 | Snake:4  | Bought an amulet of magic regeneration for 360 gold pieces
 38941 | Snake:4  | Acquired 676 gold pieces
 39117 | Snake:4  | Found a hazy altar of Hepliaklqana.
 39127 | Snake:4  | Found Bocuof's Book Boutique.
 39132 | Snake:4  | Received a gift from Nemelex Xobeh
 39387 | Snake:4  | Found Jungemyu's Antique Weapon Boutique.
 39394 | Snake:4  | Bought a glowing executioner's axe for 377 gold pieces
 39509 | Snake:4  | HP: 3/155 [nagaraja/+0 flail (19)]
 39510 | Snake:4  | Mangled by a nagaraja

Illustrated notes

Levels and vault maps discovered:
D:1:      dpeg_arrival_three_bigger_balls, layout_loops_ring,
          amcnicky_mini_corridor_feature, hangedman_decor_growths
D:2:      layout_basic, serial_shops, nicolae_shop_pleasant_corner_grove,
          uniq_jessica, uniq_robin
D:3:      layout_rooms, gammafunk_temple_overflow_pools, serial_shops, shop
D:4:      nicolae_cairo_tiling_very_big, layout_basic, evilmike_ruin_ashenzari,
          mainiacjoe_overflow_tiny_flanked, nicolae_alphabet_shops
D:5:      layout_basic, minmay_temple_entry_steel_oval
D:6:      layout_rooms, kennysheep_mini_moat, uniq_prince_ribbit1,
          uniq_crazy_yiuf_cottage, uniq_blork_the_orc
D:7:      layout_cave_pods, enter_bailey_2, uniq_jeremiah
D:8:      layout_basic, hellmonk_lair_entry_icy,
          gammafunk_ghost_wrathful_warriors, uniq_joseph
D:9:      layout_loops_ring, gammafunk_ghost_smash, dk_noncrumbling_3,
          hellmonk_guarded_unrand_frostbite, uniq_harold
D:10:     layout_loops_cross, mainiacjoe_overflow_large_starburst, uniq_snorg,
          uniq_nergalle
D:11:     layout_roguey
D:12:     layout_basic, orc_0_dummy
D:13:     minmay_containers, layout_basic, uniq_kirke
D:14:     layout_rooms, muffindrake_ghost_dual_entry,
          einodemon_armed_red_devil_minivault
D:15:     grunt_enter_depths_giant_problem, layout_stronghold,
          not_door_vault_due
Lair:1:   layout_regular_city, enter_volcano_4, uniq_amaemon, uniq_maggie
Lair:2:   layout_chaotic_city, nicolae_swamp_entry_spooky,
          guppyfry_snake_entry_island, lemuel_fruit_tree
Lair:3:   layout_regular_city, infiniplex_staircase_pool_2, grunt_megastairs_2
Lair:4:   layout_cave_pods, dpeg_slime_entry_enclosed, serial_bayou_shore_a
Lair:5:   gammafunk_lair_ancient_temple, layout_cellular_growth, basic_altar,
          chequers_serial_rivers_small_b
Swamp:1:  layout_basic_swamp, evilmike_swamp_ruin_house_2
Swamp:2:  layout_basic_swamp, nicolae_swamp_orc_logging_accident,
          infiniplex_staircase_pool, uniq_frances
Swamp:3:  layout_basic_swamp, evilmike_swamp_ruin_rubble_2
Swamp:4:  nzn_swamp_witches_coven, layout_basic_swamp, ebering_ghost_inner_flame
Snake:1:  layout_chambers, basic_altar, nicolae_shop_sticking_my_neck_out,
          uniq_aizul
Snake:2:  layout_chambers, portal_ice_cave_entry_pillars_1, minmay_shop_grove,
          grunt_megastairs_1
Snake:3:  layout_layer_cave, grunt_megastairs_4, uniq_saint_roka
Snake:4:  hellmonk_snake_rune_quicksilver_temple, layout_cave_town, basic_altar,
          serial_shops, bzr_in_the_mist, nicolae_shop_back_alley_shop, shop,
          shop, nicolae_shop_just_a_little_nook
Orc:1:    layout_diamond_mine, mines1_david
Orc:2:    pf_orc_diabolical, layout_diamond_mine

Skill      XL: |  1  2  3  4  5  6  7  8  9 10 11 12 13 14 15 16 17 18 |
---------------+-------------------------------------------------------+-----
Maces & Flails | 3 4 5 |  5.7
Dodging        | 1 2 3 |  3.6
Throwing       | 1 2 4 6 7 |  7.9
Armour         | 2 3 4 5 6 7 8 10 12 13 14 | 14.2
Invocations    | 1 2 4 6 7 9 10 11 13 14 | 14.9
Fighting       | 5 6 7 9 11 12 14 15 16 17 | 17.3
Spellcasting   | 2 3 5 6 7 8 |  8.5
Ranged Weapons | 3 5 7 8 |  8.8
Short Blades   | 3 |  3.2
Axes           | 5 6 9 10 11 12 | 12.2
Evocations     | 1 4 6 7 9 |  9.6
Translocations | 3 7 |  7.8
Ice Magic      | 4 |  4.4
Unarmed Combat | |  1.7

Action                     |  1- 3 |  4- 6 |  7- 9 | 10-12 | 13-15 | 16-18 || total
---------------------------+-------+-------+-------+-------+-------+-------++-------
  Melee: Mace              |    17 |       |       |       |       |       ||    17
         Whip              |    53 |   121 |   105 |       |       |       ||   279
         Tailslap          |       |       |    14 |    35 |    61 |    68 ||   178
         Punch             |       |       |     2 |     5 |       |       ||     7
         Rapier            |       |       |       |   207 |       |       ||   207
         Demon whip        |       |       |       |    20 |       |       ||    20
         Executioner's axe |       |       |       |       |   373 |   680 ||  1053
   Fire: Sling             |       |       |   178 |   334 |   342 |     6 ||   860
  Throw: Boomerang         |     9 |    16 |    17 |       |     9 |   275 ||   326
         Dart              |       |     2 |     1 |     2 |       |       ||     5
         Stone             |       |       |     3 |       |       |       ||     3
   Cast: Jinxbite          |       |       |     1 |     4 |       |       ||     5
         Manifold Assault  |       |       |       |       |       |   182 ||   182
         Ozocubu's Armour  |       |       |       |       |       |     4 ||     4
 Invoke: Draw Destruction  |       |       |     5 |    23 |    24 |    33 ||    85
         Draw Summoning    |       |       |     3 |     7 |    11 |    26 ||    47
         Draw Escape       |       |       |       |       |       |     6 ||     6
         Deal Four         |       |       |       |       |       |     2 ||     2
         Triple Draw       |       |       |       |       |       |     1 ||     1
  Evoke: Wand              |       |       |       |     7 |    21 |    22 ||    50
         Box of beasts     |       |       |       |       |       |     1 ||     1
    Use: Potion            |     1 |     2 |       |     7 |     2 |     8 ||    20
         Scroll            |       |     5 |     8 |     7 |    11 |     8 ||    39
   Stab: Paralysed         |       |       |       |       |     3 |     8 ||    11
         Invisible         |       |       |       |       |       |     3 ||     3
         Distracted        |       |       |       |       |       |     1 ||     1
 Armour: Leather armour    |    38 |    47 |    85 |    53 |       |       ||   223
         Steam dragon scal |       |       |       |     6 |       |       ||     6
         Skin              |       |       |       |    19 |       |       ||    19
         Ring mail         |       |       |       |   226 |       |       ||   226
         Chain mail        |       |       |       |    48 |   417 |    68 ||   533
         Fire dragon scale |       |       |       |       |    64 |   597 ||   661
  Dodge: Dodged            |    47 |    63 |    76 |   190 |   224 |   236 ||   836

Table legend: (Time is in decaauts)
 A = Elapsed time spent in this place.
 B = Non-inter-level travel time spent in this place.
 C = Inter-level travel time spent in this place.
 D = Time resting spent in this place.
 E = Time spent auto-exploring this place.
 F = Levels seen in this place.
 G = Mean time per level.
                   A        B        C        D        E       F      G
               +--------+--------+--------+--------+--------+-----+--------+
         Total |  39545 |  36225 |   3320 |   8625 |  17547 |  34 | 1163.1 |
       Dungeon |  15604 |  13658 |   1946 |   2315 |   7632 |  15 | 1040.3 |
          Lair |   7571 |   6971 |    600 |   2025 |   3096 |   5 | 1514.2 |
         Swamp |   4732 |   4544 |    188 |   1543 |   1952 |   4 | 1183.0 |
     Snake Pit |   6593 |   6517 |     76 |   1405 |   3696 |   4 | 1648.2 |
  Orcish Mines |   2599 |   2090 |    509 |    551 |    909 |   2 | 1299.5 |
        Bazaar |    148 |    148 |      0 |      0 |      0 |   1 |  148.0 |
        Bailey |    871 |    871 |      0 |    284 |     34 |   1 |  871.0 |
      Ice Cave |   1088 |   1088 |      0 |    497 |    132 |   1 | 1088.0 |
       Volcano |    335 |    335 |      0 |      4 |     96 |   1 |  335.0 |
               +--------+--------+--------+--------+--------+-----+--------+

Top non-repeatable levels by time:
 Snake:3: 2524 daAuts
  Lair:1: 2007 daAuts
   Orc:2: 2007 daAuts
  Lair:2: 1928 daAuts
 Swamp:4: 1906 daAuts
     D:8: 1781 daAuts
 Snake:2: 1610 daAuts
 Snake:1: 1598 daAuts
     D:9: 1416 daAuts
    D:15: 1409 daAuts
  Lair:5: 1332 daAuts
    D:13: 1316 daAuts
  Lair:4: 1227 daAuts
    D:14: 1226 daAuts
     D:5: 1176 daAuts
